 Dungeon Crawl Stone Soup version 0.29.1-2-gbd0b4ee654 (webtiles) character file.

Game seed: 7690436592344480438

16 KittyFluff the Trooper (level 2, 0/19 HPs)
             Began as a Gargoyle Berserker on Nov 23, 2022.
             Was a Follower of Trog.
             Slain by a jackal (3 damage)
             ... on level 1 of the Dungeon.
             The game lasted 00:03:05 (780 turns).

KittyFluff the Trooper (Gargoyle Berserker)          Turns: 780, Time: 00:03:05

Health: 0/19       AC:  5    Str: 20    XL:     2   Next: 58%
Magic:  2/2        EV: 12    Int:  7    God:    Trog [*.....]
Gold:   32         SH:  0    Dex:  9    Spells: 1/1 levels left

rFire   . . .      SeeInvis .   a - +0 mace
rCold   . . .      Faith    .   (no shield)
rNeg    + . .      Spirit   .   b - +0 animal skin
rPois   ∞          Reflect  .   (no helmet)
rElec   +          Harm     .   (no cloak)
rCorr   .          Rampage  .   (no gloves)
Will    .....                   (no boots)
Stlth   +.........              (no amulet)
HPRegen 0.06/turn               (no ring)
MPRegen 0.08/turn               (no ring)

@: on berserk cooldown, slowed, very slow
A: sickness immunity, AC +2, negative energy resistance 1, electricity
resistance, torment resistance 1, petrification resistance
a: Renounce Religion, Berserk


You were on level 1 of the Dungeon.
You worshipped Trog.
Trog was aware of your devotion.
You visited 1 branch of the dungeon, and saw 1 of its levels.

You collected 32 gold pieces.

Inventory:

Hand Weapons
 a - a +0 mace (weapon)
Missiles
 j - 2 boomerangs (quivered)
Armour
 b - a +0 animal skin (worn)
Scrolls
 e - a scroll of noise {unknown}
 f - a scroll of brand weapon {unknown}
 h - 3 scrolls of identify {unknown}
 i - a scroll of teleportation {unknown}
Potions
 c - a potion of magic {unknown}
 d - a potion of attraction {unknown}
 g - a potion of heal wounds {unknown}


   Skills:
 + Level 3.5 Fighting
 + Level 3.3 Maces & Flails
 * Level 2.4 Armour
 + Level 1.7 Dodging


You had one spell level left.
You didn't know any spells.
Your spell library contained the following spells:

 Spells                   Type           Power      Damage    Failure   Level
 Sandblast                Erth           0%         2d4       43%         1
 Passwall                 Tmut/Erth      0%         N/A       56%         2
 Stone Arrow              Conj/Erth      0%         3d7       80%         3


Dungeon Overview and Level Annotations

Branches:
Dungeon (1/15)

Altars:


Innate Abilities, Weirdness & Mutations

You are immune to sickness and miasma.
Your stone body is resilient. (AC +2)
You are immune to poison.
You resist negative energy. (rN+)
You are resistant to electric shocks. (rElec)
You are resistant to unholy torment.
You are immune to petrification.


Message History

A rat comes into view.
The jackal bites you. The jackal closely misses you.
The jackal barely misses you.
You closely miss the jackal.
The jackal is almost dead.
The jackal bites you but does no damage. x2
The jackal pauses to sniff the ground.
The jackal bites you but does no damage. x2
The jackal completely misses you.
You sock the jackal!
You kill the jackal!
Trog accepts your kill. The jackal closely misses you.
The jackal barely misses you. The jackal bites you.
The jackal barely misses you.
You closely miss the jackal. The jackal closely misses you. x2
The jackal bites you but does no damage.
You sock the jackal!
You kill the jackal!
Trog accepts your kill.
You are no longer berserk.
You are exhausted.
You feel yourself slow down. The jackal completely misses you.
The jackal bites you but does no damage. x2
You hit the jackal.
The jackal is heavily wounded.
The jackal bites you but does no damage.
The jackal misses you. The jackal bites you.
The jackal bites you but does no damage.
The jackal barely misses you.
You barely miss the jackal.
The jackal is heavily wounded.
The jackal bites you but does no damage.
The jackal barely misses you. The jackal bites you.
* * * LOW HITPOINT WARNING * * *
The jackal bites you but does no damage.
The rat bites you.
* * * LOW HITPOINT WARNING * * *
The jackal bites you.
You die...

.....##.....##..
.......#
................
##.....#
#######.........
(......#
................
##...###
#######.####.... #... #
.......... #... #...###
..........## ... #......
...........###########
......
................@....#
#.....
[.....#........hrh...#
......
........................
......
...........#............
......
####........#######.....
.....# ####.#......####
##... .#...#
#..............# ...
##### #.....##.#.....#
#.. # #.....##.#.....#
##+#..


You could see 2 jackals and a rat.

Vanquished Creatures
  2 dart slugs (D:1)
  2 hobgoblins (D:1)
  2 jackals (D:1)
  3 kobolds (D:1)
  A quokka (D:1)
  A rat (D:1)
11 creatures vanquished.

Notes
Turn   | Place    | Note
-------+----------+-------------------------------------------
     0 | D:1      | KittyFluff the Gargoyle Berserker began the quest for the
                  | Orb.
     0 | D:1      | Reached XP level 1. HP: 14/14 MP: 1/1
     2 | D:1      | Found a faded altar of an unknown god.
   146 | D:1      | Reached XP level 2. HP: 10/19 MP: 2/2
   780 | D:1      | Slain by a jackal

Illustrated notes

Levels and vault maps discovered:
D:1:      saegor_arrival_simple_a, layout_basic, basic_ecumenical_altar

Action                   || total
-------------------------++-------
Melee: Mace              ||    44
Invok: Berserk           ||     2
Armor: Animal skin       ||    27
Dodge: Dodged            ||    54
